 Dungeon Crawl Stone Soup version 0.21.1-1-g345015f (webtiles) character file.

42 deamunn the Changer (level 3, -9/31 HPs)
             Began as a Naga Transmuter on Apr 3, 2018.
             Killed by divine providence
             ... invoked by an orc priest
              (16 damage)
             ... on level 2 of the Dungeon.
             The game lasted 00:14:45 (2275 turns).

deamunn the Changer (Naga Transmuter)               Turns: 2275, Time: 00:14:45

Health: -9/31      AC:  2    Str: 12    XL:     3   Next: 54%
Magic:  6/6        EV: 10    Int: 14    God:
Gold:   15         SH:  0    Dex: 11    Spells: 0/6 levels left

rFire    . . .     SeeInvis +   b - +0 short sword
rCold    . . .     Gourm    .   (no shield)
rNeg     . . .     Faith    .   m - +0 robe
rPois    +         Spirit   .   (no helmet)
rElec    .         Reflect  .   (no cloak)
rCorr    .         Harm     .   (no gloves)
MR       .....                  (no barding)
Stlth    +.........             (no amulet)
HPRegen  0.10/turn              (no ring)
MPRegen  0.10/turn              (no ring)

@: very slow
A: large, see invisible, deformed body, poison resistance, slowness 2, slow
metabolism 1, spit poison 1, AC +1
a: Spit Poison


You were on level 2 of the Dungeon.
You were hungry.

You visited 1 branch of the dungeon, and saw 3 of its levels.

You collected 15 gold pieces.

Inventory:

Hand Weapons
 a - a +0 club
 b - a +0 short sword (weapon)
Missiles
 h - 12 arrows
Armour
 i - a +0 plate armour
 m - a +0 robe (worn)
Scrolls
 e - 7 scrolls of identify {unknown}
 k - a scroll of remove curse {unknown}
 l - a scroll of magic mapping {unknown}
Potions
 f - a potion of invisibility {unknown}
 g - a potion of flight {unknown}
 j - a potion of heal wounds {unknown}
 n - a potion of lignification {unknown}
Books
 c - a book of Changes

   Spells                             Type                      Level
   a - Beastly Appendage              Transmutation                1
   b - Sticks to Snakes               Transmutation                2
   c - Spider Form                    Transmutation/Poison         3
   d - Ice Form                       Ice/Transmutation            4
   e - Blade Hands                    Transmutation                5
Comestibles
 d - 3 rations
 o - 6 chunks of flesh


   Skills:
 - Level 1.0 Fighting
 - Level 1.5 Dodging
 - Level 3.0 Unarmed Combat
 - Level 2.0 Spellcasting
 + Level 3.8 Transmutations


You couldn't memorise any spells.
You knew the following spells:

 Your Spells              Type           Power        Failure   Level  Hunger
a - Beastly Appendage     Tmut           ##....       4%          1    ##.....
b - Sticks to Snakes      Tmut           ##......     8%          2    ###....
c - Spider Form           Tmut/Pois      #.........   32%         3    ####...


Dungeon Overview and Level Annotations

Branches:
Dungeon (3/15)

Altars:

Annotations:
D:3 Shinoi's ghost, amateur DsAK


Innate Abilities, Weirdness & Mutations

You cannot wear boots.
Your serpentine skin is tough. (AC +1)
You have supernaturally acute eyesight. (SInv)
Armour fits poorly on your strangely shaped body.
Your system is resistant to poisons. (rPois)
You cover ground very slowly.
You have a slow metabolism.
You can spit poison.


Message History

The orc priest hits you with a short sword.
* * * LOW HITPOINT WARNING * * *
An orc priest comes into view.
You hit the orc priest but do no damage.
You headbutt the orc priest.
The orc priest is heavily wounded.
The orc priest hits you but does no damage.
You barely miss the orc priest.
The orc priest is heavily wounded.
The orc priest closely misses you. The orc priest barely misses you.
You hit the orc priest but do no damage.
The orc priest is heavily wounded.
Your horns disappear.
You have got your breath back.
You hit the orc priest.
The orc priest is almost dead.
The orc priest mumbles some strange prayers to Beogh against you.
Beogh smites you!
Ouch! That really hurt!
You die...

#)########
#........#
########.#
### #.# #..
#.# #.# #.#
#.# #.# #.#
#.########o#
#.......@o.#
############


You could see 2 orc priests.

Vanquished Creatures
  An adder (D:2)
  2 oozes (D:1)
  A leopard gecko (D:1)
  5 bats
  4 goblins
  3 hobgoblins
  A quokka (D:2)
  2 frilled lizards (D:1)
  3 kobolds (D:1)
  2 rats
24 creatures vanquished.

Vanquished Creatures (others)
  A dart slug (D:1)
1 creature vanquished.

Grand Total: 25 creatures vanquished

Notes
Turn   | Place    | Note
-------+----------+-------------------------------------------
     0 | D:1      | deamunn the Naga Transmuter began the quest for the Orb.
     0 | D:1      | Reached XP level 1. HP: 18/18 MP: 3/3
   394 | D:2      | Reached XP level 2. HP: 24/25 MP: 3/5
   445 | D:3      | Noticed Shinoi's ghost (amateur DsAK)
   515 | D:2      | Learned a level 2 spell: Sticks to Snakes
  1256 | D:1      | You fall through a shaft!
  1913 | D:2      | Reached XP level 3. HP: 31/31 MP: 6/6
  2237 | D:2      | Learned a level 3 spell: Spider Form
  2275 | D:2      | Killed from afar by an orc priest

Skill      XL: |  1  2 |
---------------+-------+-----
Transmutations | 3 |  3.8
Fighting       | |  1.0
Dodging        | |  1.5
Unarmed Combat | |  3.0
Spellcasting   | |  2.0

Action                   || total
-------------------------++-------
Melee: Unarmed           ||    13
       Headbutt          ||     5
       Club              ||    20
       Short sword       ||    26
 Cast: Beastly Appendage ||     9
 Abil: Spit Poison       ||    31
  Eat: Chunk             ||     4
Armor: Robe              ||    25
Dodge: Dodged            ||    76
